 Dungeon Crawl Stone Soup version 0.21-a0-584-g185da8e (webtiles) character file.

12975 Megalobster the Grappler (level 11, -7/107 HPs)
             Began as a Troll Monk on Dec 21, 2017.
             Was an Elder of Nemelex Xobeh.
             Mangled by a wyvern (9 damage)
             ... summoned by the player character
             ... on level 2 of the Lair of Beasts on Dec 22, 2017.
             The game lasted 01:15:38 (10723 turns).

Megalobster the Grappler (Troll Monk)              Turns: 10723, Time: 01:15:39

Health: -7/107     AC:  8    Str: 24    XL:     11   Next: 69%
Magic:  16/16      EV: 13    Int:  6    God:    Nemelex Xobeh [****..]
Gold:   658        SH:  0    Dex: 12    Spells: 10/10 levels left

rFire    . . .     SeeInvis .     - Unarmed
rCold    . . .     Gourm    +   (no shield)
rNeg     . . .     Faith    .   W - +2 robe {MR+}
rPois    .         Spirit   .   (helmet restricted)
rElec    .         Reflect  .   s - +0 cloak
rCorr    .         Harm     .   (gloves unavailable)
MR       +....                  (boots unavailable)
Stlth    ++........             S - amulet of regeneration
HPRegen  1.07/turn              I - ring of flight
MPRegen  0.15/turn              (no ring)

@: no status effects
A: large, unfitting armour, claws 3, fast metabolism 3, gourmand, regeneration
1, shaggy fur 1, tough skin 2
a: Triple Draw, Deal Four, Renounce Religion, Evoke Flight


You were on level 2 of the Lair of Beasts.
You worshipped Nemelex Xobeh.
Nemelex Xobeh was greatly pleased with you.
You were very full.

You visited 3 branches of the dungeon, and saw 12 of its levels.

You collected 658 gold pieces.

Inventory:

Hand Weapons
 m - the +2 halberd of Dionom {flame, -Tele Dex+2 Stlth+, unknown}
   (You found it on level 7 of the Dungeon)

   It has been specially enchanted to burn those struck by it, causing extra
   injury to most foes and up to half again as much damage against particularly
   susceptible opponents.
   Big, fiery blades are also staple armaments of hydra-hunters.
   It affects your dexterity (+2).
   It prevents most forms of teleportation.
   It makes you more stealthy.
 u - a +0 hand axe of flaming
 E - a +0 giant club
Missiles
 g - 277 stones
 o - 10 tomahawks (quivered)
 A - 2 poisoned javelins
Armour
 s - a +0 cloak (worn)
 J - +0 steam dragon scales
 W - a +2 robe of magic resistance (worn)
Jewellery
 l - an uncursed amulet of guardian spirit {unknown}
 w - an uncursed amulet of rage
 I - a ring of flight (left claw)
 Q - an uncursed ring of wizardry
 S - an amulet of regeneration (around neck)
Wands
 B - a wand of paralysis (11)
 R - a wand of clouds (5)
Scrolls
 d - 4 scrolls of enchant armour
 e - 2 scrolls of noise {unknown}
 h - 2 scrolls of remove curse
 i - 3 scrolls of amnesia {unknown}
 k - 2 scrolls of immolation {unknown}
 n - a scroll of enchant weapon {unknown}
 q - 4 scrolls of teleportation
 r - a scroll of silence {unknown}
 y - 2 scrolls of magic mapping {unknown}
 F - 4 scrolls of fear {unknown}
 G - a scroll of torment {unknown}
 M - a scroll of summoning {unknown}
 P - a scroll of fog {unknown}
Potions
 c - a potion of magic
 f - a potion of flight
 j - 7 potions of curing
 t - 7 potions of brilliance
 x - a potion of haste {unknown}
 z - a potion of invisibility {unknown}
 D - 2 potions of degeneration {unknown}
 H - 3 potions of heal wounds {unknown}
 L - 3 potions of cancellation {unknown}
 N - a potion of lignification {unknown}
 V - 2 potions of might
Books
 K - a book of Geomancy

   Spells                             Type                      Level
   a - Sandblast                      Earth                        1
   b - Passwall                       Transmutation/Earth          2
   c - Stone Arrow                    Conjuration/Earth            3
   d - Petrify                        Transmutation/Earth          4
   e - Lee's Rapid Deconstruction     Earth                        5
Miscellaneous
 a - an ornate deck of summoning
 p - an ornate deck of summoning
 v - a plain deck of summoning {drawn: 4}
 O - an ornate deck of summoning
Comestibles
 b - 25 rations
 C - a chunk of flesh


   Skills:
 + Level 6.7 Fighting
 - Level 1.5 Throwing
 + Level 4.0 Armour
 * Level 7.0 Dodging
 - Level 1.0 Stealth
 * Level 11.0 Unarmed Combat
 * Level 9.1 Invocations


You had 10 spell levels left.
You didn't know any spells.

Dungeon Overview and Level Annotations

Branches:
Dungeon (9/15)             Temple (1/1) D:7            Lair (2/6) D:8
  Swamp: Lair:2-4    Shoals: Lair:2-4     Snake: Lair:2-4    Spider: Lair:2-4
    Orc: D:9-12

Altars:
Ashenzari
Cheibriados
Dithmenos
Elyvilon
Fedhas
Gozag
Hepliaklqana
Kikubaaqudgha
Makhleb
Nemelex Xobeh
Okawaru
Qazlal
Ru
Sif Muna
Trog
Uskayaw
Vehumet
Wu Jian
Xom
Yredelemnul
Zin
The Shining One


Innate Abilities, Weirdness & Mutations

You are too large for most types of armour.
You have claws for hands.
Your metabolism is lightning-fast.
You like to eat raw meat.
Your natural rate of healing is unusually fast.
You are covered in fur. (AC +1)
You have very tough skin. (AC +2)


Message History

You barely miss the wyvern. The wyvern bites you!
The four-headed hydra bites you! The four-headed hydra bites you.
The four-headed hydra bites you! The four-headed hydra bites you.
You tear one of the four-headed hydra's heads off!
The three-headed hydra grows two more!
You claw the five-headed hydra!
The five-headed hydra is almost dead.
The wyvern bites you!
* * * LOW HITPOINT WARNING * * *
Unknown command.
You tear one of the five-headed hydra's heads off!
The four-headed hydra grows two more!
You claw the six-headed hydra!
The six-headed hydra is almost dead.
The wyvern misses you. The six-headed hydra bites you!!
* * * LOW HITPOINT WARNING * * *
The six-headed hydra bites you!
* * * LOW HITPOINT WARNING * * *
The six-headed hydra barely misses you. x3; The six-headed hydra misses you.
The wyvern bites you!
You die...
Your body glows with a rainbow of weird colours and disappears.

# #.......##. #.
#.....((...
#.##.....(.P#
#..#.......#
#..........###
##.............
##..............
.......D@.......
.......l......>. ....
..##.#.#........ ....
### ###........
.....##.#+##...$.....
##.....P#....##P.....#.P
PP...........'......## #
.......#.#...##......#
.#......#....###....#...


You could see a six-headed hydra and a wyvern.

Vanquished Creatures
  A great orb of eyes (Lair:1)
  A hydra (D:9)
  A two-headed ogre (D:7)
  An elephant (Lair:1)
  3 spiny frogs
  A komodo dragon (D:8)
  A rime drake (Lair:1)
  3 hippogriffs
  2 dream sheep (D:9)
  Sigmund (D:4)
  8 yaks
  A basilisk (Lair:2)
  Eustachio (D:4)
  A steam dragon (Lair:2)
  Duvessa (D:4)
  2 water moccasins (Lair:1)
  A porcupine (Lair:1)
  4 orc warriors
  2 black bears
  3 ice beasts
  2 phantoms
  3 sky beasts
  A necrophage (D:9)
  7 ogres
  2 crocodiles
  2 centaurs
  4 bullfrogs
  Blork the orc (D:5)
  3 big kobolds (D:9)
  Dowan (D:4)
  3 jellies
  4 scorpions
  4 wights (D:6)
  2 killer bees (D:9)
  2 electric eels
  7 crimson imps
  5 hounds
  2 quasits
  A bullfrog zombie (D:4)
  4 orc priests
  Crazy Yiuf (D:3)
  2 centaur skeletons
  A bullfrog skeleton (D:6)
  Jessica (D:3)
  A gnoll shaman (D:8)
  Terence (D:2)
  3 iguanas
  8 orc wizards
  10 worker ants
  2 hound skeletons
  A worker ant zombie (D:8)
  A howler monkey zombie (D:8)
  9 gnolls
  8 adders
  A river rat (D:4)
  3 shadow imps
  An adder skeleton (D:9)
  3 worms
  A dart slug (D:2)
  A leopard gecko (D:3)
  36 orcs
  5 giant cockroaches
  2 gnoll zombies (D:4)
  10 hobgoblins
  14 jackals
  7 kobolds
  3 quokkas
  2 ball pythons (D:4)
  5 bats
  3 frilled lizards
  4 goblins
  A leopard gecko skeleton (D:5)
  4 rats
  A plant (D:8)
255 creatures vanquished.

Vanquished Creatures (collateral kills)
  2 rust devils (D:7)
  A komodo dragon (Lair:1)
  A spiny frog (Lair:1)
  Menkaure (D:5)
  A centaur (D:8)
  A big kobold (D:7)
  A scorpion (D:8)
  A killer bee (D:9)
  An orc priest (D:8)
  An orc wizard (D:8)
  2 worker ants (D:8)
  4 gnolls (D:8)
  A shadow imp (D:8)
  An orc (D:8)
  3 kobolds (D:7)
22 creatures vanquished.

Vanquished Creatures (others)
  A gnoll shaman (D:5)
  A gnoll (D:5)
  An adder (D:8)
  9 plants
12 creatures vanquished.

Grand Total: 289 creatures vanquished

Notes
Turn   | Place    | Note
-------+----------+-------------------------------------------
     0 | D:1      | Megalobster the Troll Monk began the quest for the Orb.
     0 | D:1      | Reached XP level 1. HP: 22/22 MP: 0/0
   417 | D:1      | Reached XP level 2. HP: 28/29 MP: 1/1
   578 | D:2      | Noticed Terence
   598 | D:2      | Killed Terence
   598 | D:2      | Reached XP level 3. HP: 36/36 MP: 2/2
   833 | D:2      | Reached skill level 4 in Unarmed Combat
   836 | D:2      | Reached XP level 4. HP: 13/44 MP: 3/3
   898 | D:2      | Found an opulent altar of Gozag.
  1255 | D:2      | Reached XP level 5. HP: 50/53 MP: 4/4
  1601 | D:3      | Reached skill level 1 in Throwing
  1700 | D:3      | Found a runed door.
  1704 | D:3      | Noticed Crazy Yiuf
  1713 | D:3      | Killed Crazy Yiuf
  2018 | D:3      | Found a sparkling altar of Nemelex Xobeh.
  2018 | D:3      | Noticed Jessica
  2024 | D:3      | Reached skill level 5 in Unarmed Combat
  2030 | D:3      | Killed Jessica
  2030 | D:3      | Reached XP level 6. HP: 52/61 MP: 5/5
  2044 | D:3      | Became a worshipper of Nemelex Xobeh the Trickster
  2044 | D:3      | Received a gift from Nemelex Xobeh
  2044 | D:3      | Reached * piety under Nemelex Xobeh
  2044 | D:3      | Received a gift from Nemelex Xobeh
  2044 | D:3      | Reached ** piety under Nemelex Xobeh
  2140 | D:4      | Noticed an orc warrior
  2202 | D:4      | Noticed Eustachio
  2204 | D:4      | Noticed Duvessa
  2206 | D:4      | Noticed Dowan
  2214 | D:4      | Killed Eustachio
  2214 | D:4      | Reached skill level 1 in Invocations
  2218 | D:4      | Killed Duvessa
  2218 | D:4      | Reached XP level 7. HP: 68/68 MP: 5/7
  2283 | D:4      | Killed Dowan
  2283 | D:4      | Reached skill level 6 in Unarmed Combat
  2331 | D:4      | Found a blossoming altar of Fedhas.
  2622 | D:4      | Noticed Sigmund
  2718 | D:4      | Killed Sigmund
  2718 | D:4      | Reached XP level 8. HP: 31/78 MP: 9/9
  2917 | D:4      | Found a basalt altar of Yredelemnul.
  3223 | D:5      | Entered Level 5 of the Dungeon
  3331 | D:5      | Noticed Blork the orc
  3340 | D:5      | Killed Blork the orc
  3340 | D:5      | Reached skill level 7 in Unarmed Combat
  3430 | D:5      | Noticed Menkaure
  3433 | D:5      | Received a gift from Nemelex Xobeh
  3436 | D:5      | Killed Menkaure
  3885 | D:5      | Reached skill level 5 in Invocations
  3894 | D:5      | Received a gift from Nemelex Xobeh
  4220 | D:6      | Reached XP level 9. HP: 72/85 MP: 11/11
  4322 | D:6      | Found an ancient bone altar of Kikubaaqudgha.
  4458 | D:6      | Reached skill level 8 in Unarmed Combat
  4472 | D:6      | Reached skill level 5 in Dodging
  4569 | D:6      | Reached *** piety under Nemelex Xobeh
  4646 | D:6      | Reached skill level 5 in Fighting
  5209 | D:6      | Found a shadowy altar of Dithmenos.
  5307 | D:7      | Received a gift from Nemelex Xobeh
  5679 | D:7      | Noticed a two-headed ogre
  5689 | D:7      | Killed a two-headed ogre
  5689 | D:7      | Reached skill level 1 in Armour
  5689 | D:7      | Reached skill level 9 in Unarmed Combat
  5788 | D:7      | Reached XP level 10. HP: 96/96 MP: 14/14
  5975 | D:7      | Found a burning altar of Makhleb.
  5989 | D:7      | Found a staircase to the Ecumenical Temple.
  5995 | Temple   | Entered the Ecumenical Temple
  6446 | D:7      | Reached **** piety under Nemelex Xobeh
  6446 | D:7      | Received a gift from Nemelex Xobeh
  6986 | D:8      | Found an iron altar of Okawaru.
  7013 | D:8      | Found a stormy altar of Qazlal.
  7241 | D:8      | Found a staircase to the Lair.
  7407 | D:7      | Noticed a rust devil
  7407 | D:7      | Noticed a rust devil
  7416 | D:7      | Killed a rust devil
  7419 | D:7      | Killed a rust devil
  7428 | D:7      | Got a crude halberd
  7785 | D:8      | Received a gift from Nemelex Xobeh
  8258 | D:9      | Reached skill level 10 in Unarmed Combat
  8841 | D:9      | Reached XP level 11. HP: 82/105 MP: 16/16
  8892 | D:9      | Noticed a two-headed hydra
  8902 | D:9      | Killed a one-headed hydra
  9045 | Lair:1   | Entered Level 1 of the Lair of Beasts
  9239 | Lair:1   | Noticed a five-headed hydra
  9247 | Lair:1   | Noticed a great orb of eyes
  9247 | Lair:1   | a five-headed hydra changed into a great orb of eyes
  9255 | Lair:1   | Killed a great orb of eyes
  9359 | Lair:1   | Received a gift from Nemelex Xobeh
 10396 | Lair:1   | Reached skill level 11 in Unarmed Combat
 10711 | Lair:2   | Noticed a four-headed hydra
 10723 | Lair:2   | HP: 2/107 [six-headed hydra (12)]
 10723 | Lair:2   | Mangled by a wyvern

Vault maps used:
D:1:      evilmike_arrival_run_for_it
D:2:      old_standard_altar, first_ration, uniq_terence
D:3:      nemelex_lonely_heart_becter, uniq_crazy_yiuf_cottage
D:4:      lemuel_zombie_altar_yredelemnul, kennysheep_mini_moat,
          portal_sewer_entry_e, uniq_eustachio, uniq_duvessa, uniq_sigmund
D:5:      uniq_menkaure, uniq_blork_the_orc
D:6:      kiku_gazebo_garden_becter, grunt_dithmenos_shadows
D:7:      cheibrodos_iron_armory, kennysheep_little_box,
          minmay_temple_entry_metal_lava
D:8:      okawaru_metal_pillars_1_2, david_lair_shrubbed,
          nicolae_qazlal_style_of_elements
D:9:      hangedman_ranch, kennysheep_dice, uniq_erolcha
Temple:   regret_index_temple_generic_petals
Lair:1:   serial_bayou_pond_a, grunt_forest_large_clearing_hut,
          grunt_megastairs_4, serial_bayou_shore_a
Lair:2:   nicolae_spider_entry_tight_spaces, basic_altar, grunt_megastairs_1,
          infiniplex_staircase_pool

Skill      XL: |  1  2  3  4  5  6  7  8  9 10 11 |
---------------+----------------------------------+-----
Unarmed Combat | 4 5 6 7 9 10 11 | 11.0
Fighting       | 3 4 5 6 |  6.7
Dodging        | 3 4 5 6 7 |  7.0
Throwing       | 1 |  1.5
Invocations    | 2 3 5 6 8 9 |  9.1
Armour         | 1 3 4 |  4.0
Stealth        | |  1.0

Action                   |  1- 3 |  4- 6 |  7- 9 | 10-12 || total
-------------------------+-------+-------+-------+-------++-------
Melee: Unarmed           |    63 |    95 |   337 |   342 ||   837
       Punch             |     2 |     4 |    11 |    21 ||    38
       Hand axe          |       |       |       |     6 ||     6
Throw: Tomahawk          |       |       |     7 |     8 ||    15
Invok: Deal Four         |       |       |       |     1 ||     1
Evoke: Deck              |       |       |     5 |    18 ||    23
  Use: Scroll            |     3 |     1 |     3 |     4 ||    11
       Potion            |     1 |     1 |       |       ||     2
 Stab: Sleeping          |     1 |     3 |     3 |       ||     7
       Distracted        |       |       |     1 |       ||     1
  Eat: Chunk             |    13 |    13 |    33 |    44 ||   103
Armor: Robe              |    30 |    19 |    72 |    82 ||   203
Dodge: Dodged            |    23 |    38 |   144 |   169 ||   374

Table legend:
 A = Spawn XP
 B = Non-spawn XP
 C = Spawn XP percentage of total XP
 D = Spawn monster count
 E = Non-spawn monster count
 F = Spawn count percentage of total count
 G = Total turns spent on level
                    A         B        C        D         E        F      G
               +---------+---------+-------+---------+---------+-------+---------
         Total |       0 |   18536 |   0.0 |       0 |     279 |   0.0 | 10723
               +---------+---------+-------+---------+---------+-------+---------
           D:1 |       0 |      19 |   0.0 |       0 |      11 |   0.0 |   541
           D:2 |       0 |     181 |   0.0 |       0 |      18 |   0.0 |   814
           D:3 |       0 |     245 |   0.0 |       0 |      21 |   0.0 |   867
           D:4 |       0 |    1310 |   0.0 |       0 |      44 |   0.0 |  1001
           D:5 |       0 |    1026 |   0.0 |       0 |      22 |   0.0 |  1078
           D:6 |       0 |    1433 |   0.0 |       0 |      34 |   0.0 |  1000
           D:7 |       0 |    2895 |   0.0 |       0 |      32 |   0.0 |  1454
           D:8 |       0 |    1740 |   0.0 |       0 |      39 |   0.0 |  1015
           D:9 |       0 |    3470 |   0.0 |       0 |      33 |   0.0 |  1058
        Lair:1 |       0 |    5350 |   0.0 |       0 |      21 |   0.0 |  1448
        Lair:2 |       0 |     867 |   0.0 |       0 |       4 |   0.0 |   217
               +---------+---------+-------+---------+---------+-------+---------
